 Dungeon Crawl Stone Soup version 0.18.1-48-g4cf74bf (console) character file.

2884 Kloppie the Fighter (level 10, -6/83 HPs)
             Began as a Human Berserker on Aug 3, 2016.
             Was an Elder of Trog.
             Hit by a javelin thrown by Urug (16 damage)
             ... on level 12 of the Dungeon.
             The game lasted 00:15:44 (7883 turns).

Kloppie the Fighter (Human Berserker)               Turns: 7883, Time: 00:15:45

Health: -6/83      AC: 11    Str: 18    XL:     10   Next: 5%
Magic:  10/10      EV: 10    Int:  8    God:    Trog [****..]
Gold:   219        SH:  5    Dex: 15    Spells: 0 memorised, 9 levels left

rFire  . . .     SeeInvis +     a - +2 spear (vamp)
rCold  . . .     Gourm    .     o - +0 scale mail
rNeg   . . .     Faith    .     y - +0 buckler
rPois  .         Spirit   .     F - +2 hat
rElec  .         Dismiss  .     e - +1 cloak
rCorr  .         Reflect  .     (no gloves)
SustAt .         Harm     .     G - +0 pair of boots
MR     +....                    (no amulet)
Stlth  ..........               b - ring of see invisible
                                u - ring of protection from magic

@: about to teleport, very slightly contaminated, drained, somewhat resistant to
hostile enchantments, extremely unstealthy
A: no striking features
a: Berserk, Trog's Hand, Brothers in Arms, Burn Spellbooks, Renounce Religion


You were on level 12 of the Dungeon.
You worshipped Trog.
Trog was greatly pleased with you.
You were hungry.

You visited 1 branch of the dungeon, and saw 10 of its levels.

You collected 640 gold pieces.
You spent 421 gold pieces at shops.

Inventory:

Hand Weapons
 a - a +2 vampiric spear (weapon)
 r - a +0 spear
 s - a +1 trident of flaming
 L - a +3 trident
Armour
 e - a +1 cloak (worn)
 g - a cursed +0 shield
 o - a +0 scale mail (worn)
 y - a +0 buckler (worn)
 D - a +1 plate armour of fire resistance
 F - a +2 hat (worn)
 G - a +0 pair of boots (worn)
Jewellery
 b - a ring of see invisible (right hand)
 p - a +3 ring of strength
 u - a ring of protection from magic (left hand)
Wands
 k - a wand of flame (11/48)
 B - a wand of enslavement (11/24)
 I - a wand of slowing (22/48)
 J - a wand of iceblast (8/15)
 M - a wand of polymorph (14/24)
 N - a wand of iceblast (7/15)
 R - a wand of digging (8/24)
Scrolls
 d - 2 scrolls of teleportation
 h - 4 scrolls of noise
 q - 4 scrolls of enchant weapon
 w - a scroll of fog
 x - 2 scrolls of enchant armour
 E - 2 scrolls of magic mapping
 K - 2 scrolls of recharging
 P - a scroll of remove curse
Potions
 i - a potion of brilliance
 j - 4 potions of curing
 m - a potion of heal wounds
 n - 4 potions of might
 t - a potion of haste
 v - a potion of flight
 A - a potion of cure mutation
 Q - a potion of lignification
 U - a potion of berserk rage {unknown}
Books
 l - a book of Annihilations

   Spells                             Type                      Level
   a - Poison Arrow                   Conjuration/Poison           6
   b - Chain Lightning                Conjuration/Air              8
   c - Lehudib's Crystal Spear        Conjuration/Earth            8
   d - Glaciate                       Conjuration/Ice              9
   e - Fire Storm                     Conjuration/Fire             9
   Trog disapproves of the use of such an item.
 z - a book of Changes

   Spells                             Type                      Level
   a - Beastly Appendage              Transmutation                1
   b - Sticks to Snakes               Transmutation                2
   c - Spider Form                    Transmutation/Poison         3
   d - Ice Form                       Ice/Transmutation            4
   e - Blade Hands                    Transmutation                5
   Trog disapproves of the use of such an item.
 O - a book of Dreams

   Spells                             Type                      Level
   a - Ensorcelled Hibernation        Hexes/Ice                    2
   b - Silence                        Hexes/Air                    5
   c - Darkness                       Hexes                        6
   d - Shadow Creatures               Summoning                    6
   Trog disapproves of the use of such an item.
Comestibles
 c - 9 bread rations
 f - 6 fruits
 C - 3 beef jerkies
 S - a slice of pizza


   Skills:
 + Level 9.3 Fighting
 + Level 9.3(9.2) Polearms
 - Level 2.0(1.9) Armour
 - Level 2.0(1.9) Dodging
 - Level 4.1 Shields


You had 9 spell levels left.
You didn't know any spells.

Dungeon Overview and Level Annotations

Branches:
Dungeon (9/15)             Temple (0/1) D:4            Lair (0/8) D:9
    Orc: D:9-12

Altars:
Cheibriados
Fedhas
Gozag
Makhleb
Nemelex Xobeh
Okawaru
Pakellas
Qazlal
Trog
Vehumet
Yredelemnul
The Shining One

Shops:
D:6 [[(}?   D:7 !   D:8 !

Annotations:
D:12 Urug


Message History

* * * LOW HITPOINT WARNING * * *
The bolt of electricity hits you!
* * * LOW HITPOINT WARNING * * *
3 yaks come into view.
You see here a javelin.
Drink which item? (? for menu, Esc to quit)
Okay, then.
Read which item? (? for menu, Esc to quit)
Blink to where?
Press: ? - help, Dir - move target cursor You are very lightly contaminated with residual magic.
As you read the scroll of blinking, it crumbles to dust.
You start resting.
A hill giant comes into view. It is wielding a giant club.
The hill giant shouts!
Read which item? (? for menu, Esc to quit)
As you read the scroll of teleportation, it crumbles to dust.
You feel strangely unstable.
Urug throws a javelin.
The javelin hits you!
You die...

#....#. #......#
#.#.....# ........
#.#.....##........
#.#....#..#......#
#.#...#u...#....#
#.#..#......#..# .
#.###........# ..
#.# #........#
#.#@################
#..C......oa........
#...################
#...# # #...# #
#...# # #...# #
#...# # #... #


You could see Urug and a hill giant.

Vanquished Creatures
  Sigmund (D:2)
  A spriggan (D:7)
  2 orc warriors
  A sky beast (D:8)
  5 ogres
  A big kobold (D:7)
  A giant frog (D:7)
  A water moccasin skeleton (D:8)
  A wyvern skeleton (D:8)
  3 scorpions
  9 wights (D:8)
  4 crimson imps
  A giant frog zombie (D:5)
  A centaur zombie (D:8)
  4 hounds
  A centaur skeleton (D:7)
  6 orc priests
  5 orc wizards
  2 giant frog skeletons
  Ijyb (D:2)
  Terence (D:2)
  An iguana (D:4)
  9 gnolls
  10 adders
  A white imp (D:5)
  2 worms
  2 dart slugs (D:1)
  5 giant geckos
  28 orcs
  A ball python (D:2)
  5 bats
  10 giant cockroaches
  9 hobgoblins
  8 kobolds
  3 quokkas
  5 giant newts
  9 goblins
  A goblin skeleton (D:5)
  A goblin zombie (D:5)
  2 hobgoblin zombies (D:5)
  A jackal skeleton (D:4)
  2 kobold zombies (D:5)
  2 orc zombies (D:5)
  A quokka skeleton (D:5)
  4 rats
174 creatures vanquished.

Notes
Turn   | Place    | Note
--------------------------------------------------------------
     0 | D:1      | Kloppie the Human Berserker began the quest for the Orb.
     0 | D:1      | Reached XP level 1. HP: 18/18 MP: 1/1
   212 | D:1      | Reached XP level 2. HP: 24/24 MP: 2/2
   497 | D:1      | Reached XP level 3. HP: 29/29 MP: 3/3
   682 | D:1      | Reached ** piety under Trog
  1106 | D:2      | Reached XP level 4. HP: 37/37 MP: 4/4
  1111 | D:2      | Noticed Sigmund
  1122 | D:2      | Killed Sigmund
  1122 | D:2      | Reached XP level 5. HP: 43/43 MP: 5/5
  1122 | D:2      | Reached XP level 6. HP: 50/50 MP: 6/6
  1214 | D:2      | Reached skill level 5 in Fighting
  1214 | D:2      | Reached skill level 5 in Polearms
  1368 | D:2      | Noticed Ijyb
  1401 | D:2      | Killed Ijyb
  1587 | D:2      | Noticed Terence
  1614 | D:2      | Killed Terence
  1872 | D:3      | Found an opulent altar of Gozag.
  2298 | D:3      | Reached XP level 7. HP: 51/56 MP: 7/7
  2527 | D:4      | Reached *** piety under Trog
  2602 | D:4      | Found an oddly glowing altar of Pakellas.
  2673 | D:4      | Found a staircase to the Ecumenical Temple.
  3451 | D:5      | Entered Level 5 of the Dungeon
  3867 | D:5      | Found a glowing golden altar of the Shining One.
  4005 | D:5      | Reached XP level 8. HP: 48/65 MP: 8/8
  4302 | D:5      | Received a gift from Trog
  4302 | D:5      | Reached skill level 1 in Shields
  4330 | D:5      | Found a blossoming altar of Fedhas.
  4411 | D:5      | Found a burning altar of Makhleb.
  4411 | D:5      | Found a radiant altar of Vehumet.
  4478 | D:6      | Found a sparkling altar of Nemelex Xobeh.
  4525 | D:6      | Found Nailab's Weapon Emporium.
  4540 | D:6      | Found a snail-covered altar of Cheibriados.
  4566 | D:6      | Found Tiggu's Armour Shop.
  4744 | D:6      | Bought a +2 hat for 192 gold pieces
  4789 | D:6      | Found Maicaogu's Antique Armour Shoppe.
  4837 | D:6      | Found Coompag's Gadget Shoppe.
  5011 | D:6      | Found Cealom's Magic Scroll Shoppe.
  5019 | D:6      | Bought a scroll of enchant armour for 105 gold pieces
  5019 | D:6      | Bought a scroll of identify for 28 gold pieces
  5019 | D:6      | Bought a scroll of identify for 28 gold pieces
  5019 | D:6      | Bought a scroll of identify for 28 gold pieces
  5019 | D:6      | Bought a scroll of identify for 28 gold pieces
  5156 | D:7      | Found Puwniom's Distillery.
  5164 | D:7      | Bought a potion of degeneration for 12 gold pieces
  5319 | D:7      | Reached XP level 9. HP: 57/72 MP: 9/9
  5460 | D:7      | Reached **** piety under Trog
  5916 | D:8      | Found a basalt altar of Yredelemnul.
  6786 | D:8      | Found a bloodstained altar of Trog.
  6979 | D:8      | Found an iron altar of Okawaru.
  6980 | D:8      | Found Ymioh's Distillery.
  7141 | D:8      | Found a stormy altar of Qazlal.
  7255 | D:8      | Reached XP level 10. HP: 59/83 MP: 10/10
  7849 | D:9      | You fall through a shaft for 3 floors!
  7849 | D:12     | Noticed a brown ugly thing
  7850 | D:12     | Noticed a cyclops
  7850 | D:12     | Noticed a flayed ghost
  7850 | D:12     | Noticed a death knight
  7853 | D:12     | Noticed a harpy
  7854 | D:12     | Noticed a green ugly thing
  7854 | D:12     | Noticed a brown ugly thing
  7860 | D:12     | Noticed Urug
  7881 | D:12     | Noticed a hill giant
  7883 | D:12     | Hit by a javelin thrown by Urug

Skill      XL: |  1  2  3  4  5  6  7  8  9 |
---------------+----------------------------+-----
Fighting       | 4 5 6 7 9 |  9.3
Polearms       | 4 5 6 7 9 |  9.3
Shields        | 3 4 |  4.1
Armour         | |  2.0
Dodging        | |  2.0

Action                   |  1- 3 |  4- 6 |  7- 9 | 10-12 || total
-------------------------+-------+-------+-------+-------++-------
Melee: Spear             |   117 |   172 |   678 |    22 ||   989
Invok: Berserk           |       |     2 |     5 |       ||     7
       Trog's Hand       |       |     1 |     2 |       ||     3
  Use: Scroll            |       |       |    19 |     7 ||    26
       Potion            |       |       |       |     1 ||     1
  Eat: Chunk             |     1 |     5 |    11 |     1 ||    18
       Meat ration       |       |     1 |     2 |       ||     3
       Beef jerky        |       |       |     1 |       ||     1
Armor: Ring mail         |    28 |    19 |       |       ||    47
       Scale mail        |       |    14 |   166 |     7 ||   187
Dodge: Dodged            |    44 |    55 |   168 |     2 ||   269
Block: Buckler           |       |       |    49 |     3 ||    52
